 Dungeon Crawl Stone Soup version 0.22.0-36-g8e74550 (webtiles) character file.

42 Wesco the Sneak (level 3, -1/27 HPs)
             Began as a Mummy Assassin on Aug 24, 2018.
             Slain by Sigmund
             ... wielding a +0 scythe
              (3 damage)
             ... on level 2 of the Dungeon.
             The game lasted 00:12:09 (2075 turns).

Wesco the Sneak (Mummy Assassin)                    Turns: 2075, Time: 00:12:10

Health: -1/27      AC:  9    Str: 14    XL:     3   Next: 33%
Magic:  3/3        EV:  6    Int: 10    God:
Gold:   78         SH:  0    Dex: 14    Spells: 2/2 levels left

rFire    x . .     SeeInvis .   a - +3 dagger
rCold    + . .     Gourm    .   (no shield)
rNeg     + + +     Faith    .   n - +0 chain mail
rPois    ∞         Spirit   .   (no helmet)
rElec    .         Reflect  .   d - +0 cloak
rCorr    .         Harm     .   (no gloves)
MR       .....                  (no boots)
Stlth    ..........             (no amulet)
HPRegen  0.09/turn              (no ring)
MPRegen  0.08/turn              (no ring)

@: no status effects
A: no food or potions, fire vulnerability, cold resistance 1, negative energy
resistance 3, torment resistance, unbreathing
a: no special abilities


You were on level 2 of the Dungeon.
You were not hungry.

You visited 1 branch of the dungeon, and saw 2 of its levels.

You collected 78 gold pieces.

Inventory:

Hand Weapons
 a - a +3 dagger (weapon)
 b - a +0 blowgun
 l - a +0 short sword
Missiles
 e - 8 poisoned needles
 f - 2 curare-tipped needles
 g - a javelin (quivered)
 h - 2 poisoned javelins
Armour
 c - a +0 robe
 d - a +0 cloak (worn)
 n - a +0 chain mail (worn)
Potions
 i - a potion of haste {unknown}
 j - a potion of flight {unknown}
Comestibles
 m - 4 rations


   Skills:
 + Level 2.1 Fighting
 + Level 1.8 Short Blades
 + Level 1.7 Throwing
 + Level 0.1 Armour
 + Level 1.0 Dodging
 + Level 4.1 Stealth


You had 2 spell levels left.
You didn't know any spells.
Your spell library was empty.

Dungeon Overview and Level Annotations

Branches:
Dungeon (2/15)

Altars:

Annotations:
D:2 1 runed door, Sigmund


Innate Abilities, Weirdness & Mutations

You do not eat or drink.
Your flesh is vulnerable to fire.
You are immune to poison.
Your flesh is cold resistant. (rC+)
You are immune to negative energy. (rN+++)
You are immune to unholy pain and torment.
You can survive without breathing.


Message History

Throwing (i - inventory. (/) - cycle)
g - 3 javelins (quivered)
Press: ? - help, Shift-Dir - straight line, f/p - Sigmund
Aim: Sigmund, wielding a scythe and wearing a robe You throw a javelin.
Throwing (i - inventory. (/) - cycle)
g - 2 javelins (quivered)
Press: ? - help, Shift-Dir - straight line, f/p - Sigmund
Aim: Sigmund, wielding a scythe and wearing a robe You throw a javelin.
Sigmund points at you and mumbles some strange words.
You resist with some effort.
Throwing (i - inventory. (/) - cycle)
g - a javelin (quivered)
Press: ? - help, Shift-Dir - straight line, f/p - Sigmund
Aim: Sigmund, wielding a scythe and wearing a robe You throw a javelin.
You feel less confused. Sigmund barely misses you.
You see here a javelin.
g - a javelin Sigmund hits you from afar with a scythe.
You die...

######## #..{...#
##############.####.#
#.(..@..)......# #.#
#......############.##
#......@..............
#.......########......
#.......# #........
#.......# #.....####.
#..((...# ###.#.. ..
..####.#.# ...#.. .#.
#. ..#:# #######.##.


You could see Sigmund.

Vanquished Creatures
  An ooze (D:1)
  A worm (D:2)
  A dart slug (D:1)
  4 goblins (D:1)
  4 hobgoblins
  2 ball pythons (D:1)
  10 bats
  2 frilled lizards (D:1)
  6 kobolds
  5 rats
  4 fungi (D:2)
40 creatures vanquished.

Notes
Turn   | Place    | Note
-------+----------+-------------------------------------------
     0 | D:1      | Wesco the Mummy Assassin began the quest for the Orb.
     0 | D:1      | Reached XP level 1. HP: 16/16 MP: 1/1
   264 | D:1      | Reached XP level 2. HP: 11/22 MP: 2/2
   669 | D:1      | Reached skill level 1 in Dodging
  1100 | D:1      | Reached skill level 4 in Stealth
  1100 | D:1      | Reached XP level 3. HP: 24/27 MP: 3/3
  1958 | D:2      | Found a runed door.
  2019 | D:2      | Noticed Sigmund
  2042 | D:2      | HP: 1/27 [something (6)]
  2061 | D:2      | HP: 1/27 [something/magic dart (2)]
  2075 | D:2      | Slain by Sigmund

Skill      XL: |  1  2 |
---------------+-------+-----
Dodging        | 1 |  1.0
Stealth        | 4 |  4.1
Fighting       | |  2.1
Short Blades   | |  1.8
Throwing       | |  1.7
Armour         | |  0.1

Action                   || total
-------------------------++-------
Melee: Dagger            ||   186
Throw: Javelin           ||    16
  Use: Scroll            ||     7
Armor: Robe              ||    38
       Chain mail        ||    42
Dodge: Dodged            ||    72
